 Dungeon Crawl Stone Soup version 0.31.0-32-g396128a36d (webtiles) character file.

Game seed: 13207560289491847475

77 firemarshallily the Shooter (level 4, 0/27 HPs)
             Began as a Deep Elf Hunter on Apr 24, 2024.
             Slain by Robin
             ... wielding a +0 spear of venom
              (1 damage)
             ... on level 3 of the Dungeon.
             The game lasted 00:03:28 (1542 turns).

firemarshallily the Shooter (Deep Elf Hunter)       Turns: 1542, Time: 00:03:29

Health: 0/27       AC:  3    Str:  8    XL:     4   Next: 14%
Magic:  6/6        EV: 13    Int: 14    God:
Gold:   113        SH:  0    Dex: 20    Spells: 3/3 levels left

rFire   + . .        a - +0 shortbow
rCold   + . .        (shield currently unavailable)
rNeg    . . .        c - +0 leather armour
rPois   +            (no helmet)
rElec   +            (no cloak)
rCorr   +            (no gloves)
SInv    .            (no boots)
Will    .....        (no amulet)
Stlth   ++           (no ring)
HPRegen 0.24/turn    (no ring)
MPRegen 0.10/turn

%: no passive effects
@: mighty, lethally poisoned (0 -> -14), resistant
A: no striking features
a: no special abilities


You were on level 3 of the Dungeon.
You visited 1 branch of the dungeon, and saw 3 of its levels.

You collected 113 gold pieces.

Inventory:

Hand Weapons
 a - a +0 shortbow (weapon)
Missiles
 e - 4 darts of dispersal
Armour
 c - a +0 leather armour (worn)
Scrolls
 b - a scroll of butterflies
 d - 2 scrolls of teleportation {unknown}
 f - 2 scrolls of amnesia {unknown}
 j - 2 scrolls of identify {unknown}
 m - a scroll of enchant armour {unknown}
Potions
 g - a potion of might
 i - a potion of berserk rage {unknown}
 k - a potion of curing {unknown}
 l - a potion of ambrosia {unknown}
 n - a potion of magic {unknown}
 o - a potion of heal wounds {unknown}


   Skills:
 + Level 2.5 Fighting
 + Level 6.1 Ranged Weapons
 + Level 3.6 Dodging
 - Level 1.2 Stealth


You had 3 spell levels left.
You didn't know any spells.
Your spell library was empty.

Dungeon Overview and Level Annotations

Branches:
Dungeon (3/15)

Altars:

Annotations:
D:3 Robin


Message History

Aim: Robin, wielding a +0 spear of venom, wearing a +0 animal skin and wearing a +0 helmet (moderately wounded, 72% to hit)
You shoot an arrow. The arrow hits the goblin!
You kill the goblin!
The goblin hits you with a +0 dagger.
Unknown command.
Fire: a) +0 shortbow
Press: ? - help, Q - select action, (/) - cycle Shift-Dir - straight line, f/p - Robin
Aim: Robin, wielding a +0 spear of venom, wearing a +0 animal skin and wearing a +0 helmet (moderately wounded, 72% to hit)
You shoot an arrow. The arrow hits the hobgoblin.
The hobgoblin is almost dead.
The hobgoblin hits you. The goblin hits you but does no damage.
Fire: a) +0 shortbow
Press: ? - help, Q - select action, (/) - cycle Shift-Dir - straight line, f/p - Robin
Aim: Robin, wielding a +0 spear of venom, wearing a +0 animal skin and wearing a +0 helmet (moderately wounded, 72% to hit)
You shoot an arrow. The arrow closely misses the hobgoblin.
The arrow hits the goblin!
You kill the goblin!
The goblin hits you but does no damage. The hobgoblin closely misses you.
The hobgoblin closely misses you. Robin barely misses you.
Robin attacks as they pursue you!
Robin hits you from afar with a +0 spear of venom.
You are poisoned.
The hobgoblin attacks as it pursues you!
The hobgoblin barely misses you.
It was a potion of might.
You feel very mighty all of a sudden.
You feel very sick. The hobgoblin barely misses you. The hobgoblin hits you.
Robin hits you from afar with a +0 spear of venom.
* * * LOW HITPOINT WARNING * * *
You are more poisoned.
It was a potion of resistance.
You feel protected.
* * * LOW HITPOINT WARNING * * *
You feel very sick. The hobgoblin hits you.
* * * LOW HITPOINT WARNING * * *
Robin hits you from afar with a +0 spear of venom.
You die...
Robin calls out, "Let's celebrate!
Time for a feast!"

#.##...#.#.#.#..
#.###..##.###...
..###....#.#.#..
##..#..####..l
#...#...##..gg ##
#.#.#.#.##..#)#.#
#.#.#.#####g.#g#
##.#...# #..#gg#.#
#.##...####..#@###
##.#..#..#.#.....####
....###.....8.8....#
##.#..#..#.#.....##.#
#.##...####..#.###.#
.#.#...# #..#..# #.#
# #.#.#.#####..#. #.#
#.#.#.#.##..# # #.#
#...#...##.. #.#


You could see Robin, 2 hobgoblins and a goblin (strong).

Vanquished Creatures
  An adder (D:2)
  3 dart slugs
  5 ball pythons
  4 bats
  2 endoplasms (D:1)
  A giant cockroach (D:3)
  8 goblins
  12 hobgoblins
  2 quokkas
  3 frilled lizards
  8 kobolds
  7 rats
56 creatures vanquished.

Notes
Turn   | Place    | Note
-------+----------+-------------------------------------------
     0 | D:1      | firemarshallily the Deep Elf Hunter began the quest for the
                  | Orb.
     0 | D:1      | Reached XP level 1. HP: 12/12 MP: 3/3
    88 | D:1      | Reached XP level 2. HP: 17/17 MP: 4/4
   344 | D:1      | Reached XP level 3. HP: 15/21 MP: 5/5
   810 | D:2      | Identified the +4 spear of Destruction {heavy, rElec rC++
                  | Int+2 Dex+3}
   945 | D:2      | Reached skill level 6 in Ranged Weapons
  1399 | D:3      | Reached XP level 4. HP: 27/27 MP: 6/6
  1532 | D:3      | Noticed Robin
  1542 | D:3      | HP: 1/27 [hobgoblin[Robin] (2)]
  1542 | D:3      | Slain by Robin

Illustrated notes

Levels and vault maps discovered:
D:1:      saegor_arrival_simple_d, layout_loops_ring
D:2:      layout_rooms, minmay_pentomino_r4
D:3:      wad_crossroads, layout_rooms, lemuel_doored_altar, tgw_fedhas,
          lemuel_coloured_pillars_altar, uniq_robin, uniq_terence

Skill      XL: |  1  2  3 |
---------------+----------+-----
Fighting       | 2 |  2.5
Dodging        | 3 |  3.6
Ranged Weapons | 6 |  6.1
Stealth        | |  1.2

Action                     |  1- 3 |  4- 6 || total
---------------------------+-------+-------++-------
   Fire: Shortbow          |    98 |    17 ||   115
    Use: Potion            |       |     2 ||     2
 Armour: Leather armour    |    17 |    14 ||    31
  Dodge: Dodged            |    17 |     9 ||    26
